AoeStats
← Bbing

MegaRandom

509130945Analyzed
3v3 RM · 8d ago on Sep 25, 2026· 27m 41s· 6 players
Game mode
Random Map
Map size
Normal (6 player)
Population
200
Speed
Normal
Resources
Standard
Victory
Conquest
Starting age
Dark Age
Ending age
Imperial Age
RankedLock teamsTeams togetherTeam positionsShared explorationLock speedFull tech treeHidden civsTurbo modeCheats
Victory
Defeat
🇹🇼 Poles · Taiwan
1247
+7
917
+20
🇹🇼 Danes · Taiwan
752
+25
🇨🇳 Koreans · China
1027
-18
🇨🇳 Slavs · China
1003
-17
🇨🇳 Malians · China
989
-17
十分鐘搬一次家
1:51 Loom
11:39 Feudal Age
22:55 Fletching
28:47 Castle Age
ya851005
9:51 Loom
11:37 Feudal Age
13:37 Loom
17:01 Castle Age
15:09 Double-Bit Axe
23:50 Wheelbarrow
26:14 Hand Cart
29:48 Imperial Age
你失智多年的老杯
10:34 Feudal Age
8:52 Loom
10:38 Feudal Age
15:31 Castle Age
13:58 Double-Bit Axe
14:38 Horse Collar
17:30 Bow Saw
20:45 Szlachta Privileges
22:23 Scale Barding Armor
23:48 Bloodlines
24:10 Chain Barding Armor
26:53 Forging
27:23 Husbandry
我是小菜鸡
9:20 Feudal Age
22:38 Double-Bit Axe
25:24 Castle Age
25:38 Gold Mining
Bbing
0:27 Loom
10:42 Feudal Age
15:07 Castle Age
14:28 Stone Mining
17:51 Horse Collar
拾分
0:27 Loom
11:16 Feudal Age
11:52 Double-Bit Axe
13:08 Horse Collar
18:42 Castle Age
16:58 Stone Mining
17:50 Forging
18:22 Scale Barding Armor
18:08 Fletching
20:15 Bow Saw
20:08 Heavy Plow
25:11 Iron Casting
24:56 Gold Mining
25:59 Detinets
28:00 Bloodlines
27:51 Husbandry
Connection lost

Rejoining the realm…

Still unreachable

The connection could not be restored.

Session expired

The server has moved on; the page needs a fresh start.